 Dungeon Crawl Stone Soup version 0.31-a0-1447-g87ca8d402b (webtiles) character file.

Game seed: 7313865372364282287

50 GloriousHammer the Sneak (level 4, -4/24 HPs)
             Began as a Kobold Enchanter on Dec 28, 2023.
             Killed from afar by an orc wizard (8 damage)
             ... with a puff of flame
             ... on level 2 of the Dungeon.
             The game lasted 00:03:52 (1460 turns).

GloriousHammer the Sneak (Kobold Enchanter)         Turns: 1460, Time: 00:03:52

Health: -4/24      AC:  3    Str:  5    XL:     4   Next: 4%
Magic:  7/7        EV: 15    Int: 19    God:
Gold:   53         SH:  0    Dex: 17    Spells: 1/7 levels left

rFire   . . .        a - +1 dagger
rCold   . . .        (no shield)
rNeg    . . .        b - +0 robe
rPois   .            i - +0 helmet {Int+3}
rElec   .            (no cloak)
rCorr   .            (no gloves)
SInv    .            (no boots)
Will    .....        (no amulet)
Stlth   ++++         (no ring)
HPRegen 0.24/turn    (no ring)
MPRegen 0.10/turn

%: no passive effects
@: invisible
A: small, no large weapons, nightstalker 3
a: no special abilities


You were on level 2 of the Dungeon.
You visited 1 branch of the dungeon, and saw 2 of its levels.

You collected 53 gold pieces.

Inventory:

Hand Weapons
 a - a +1 dagger (weapon)
Missiles
 o - 5 poisoned darts
Armour
 b - a +0 robe (worn)
 i - a +0 helmet of intelligence (worn)
Jewellery
 f - an amulet of the acrobat
Scrolls
 e - a scroll of enchant weapon {unknown}
 k - a scroll of fog {unknown}
 m - a scroll of amnesia {unknown}
 n - a scroll of enchant armour {unknown}
 p - a scroll of identify {unknown}
Potions
 d - a potion of enlightenment {unknown}
 g - a potion of ambrosia {unknown}
 h - 2 potions of brilliance {unknown}
 j - 3 potions of degeneration {unknown}
 l - a potion of heal wounds {unknown}


   Skills:
 - Level 2.3 Short Blades
 - Level 2.4 Dodging
 + Level 5.7 Stealth
 + Level 2.3 Spellcasting
 + Level 3.1 Hexes


You had one spell level left.
You knew the following spells:

 Your Spells              Type           Power      Damage    Failure   Level
a - Confusing Touch       Hex            14%        N/A       14%         3
b - Tukima's Dance        Hex            14%        N/A       14%         3

Your spell library contained the following spells:

 Spells                   Type           Power      Damage    Failure   Level
 Ensorcelled Hibernation  Hex/Ice        16%        N/A       13%         2
 Dazzling Flash           Conj/Hex       16%        N/A       26%         3


Dungeon Overview and Level Annotations

Branches:
Dungeon (2/15)

Altars:


Innate Abilities, Weirdness & Mutations

You are small and have problems with some larger weapons.
You are completely attuned to the shadows.


Message History

The bat misses you. The bat hits you but does no damage.
You hit the bat.
You kill the bat!
There is a stone staircase leading up here.
You see here a bat corpse.
You open the door.
There is an open door here.
Found a dagger.
An endoplasm comes into view.
Found a leather armour.
Found a stone staircase leading up.
Found 5 gold pieces.
The helpless endoplasm fails to defend itself.
You impale the endoplasm!!
You kill the endoplasm!
You see here 5 poisoned darts.
o - 5 poisoned darts Search for what [Enter for "."]? dart You see here a +0 dagger.
You see here a +0 leather armour.
You now have 47 gold pieces (gained 5).
A worm comes into view.
The helpless worm fails to defend itself.
You impale the worm!!
You kill the worm!
p - a scroll labelled KYNKUBR RILYEG
Found a stone staircase leading down.
You now have 53 gold pieces (gained 6).
There is a stone staircase leading down here.
Found a faded altar of an unknown god.
There is a faded altar of an unknown god here.
This altar belongs to (a) Gozag, (b) Yredelemnul or (c) Trog, but you can't tell which.
Press the corresponding letter to learn more about a god, or press enter to convert or escape to cancel.
Okay, then.
The shining eye turns its gaze towards you.
Found 6 stones.
You see here 6 stones.
Found a stone staircase leading down.
Found a stone staircase leading down.
There is a stone staircase leading down here.
There is a faded altar of an unknown god here.
An endoplasm comes into view.
An endoplasm is nearby!
The golden eye turns its gaze towards you.
The helpless endoplasm fails to defend itself.
You impale the endoplasm!!
You kill the endoplasm!
You have reached level 4!
An orc priest comes into view. It is wielding a +0 trident.
An orc priest is nearby!
An orc priest is nearby!
The orc priest shouts!
You hear a shout!
You hear an angry hiss.
The orc priest barely misses you.
You hear a shout!
An orc comes into view. It is wielding a +0 club.
An orc wizard comes into view. It is wielding a +0 dagger.
A frilled lizard and an adder come into view.
The frilled lizard hisses angrily.
The orc barely misses you. The orc priest closely misses you.
You closely miss the orc priest. The orc misses you.
The orc priest calls down the wrath of Beogh upon you.
Pain shoots through your body! The orc priest barely misses you.
The adder closely misses you.
The orc wizard gestures wildly while chanting.
The orc wizard flickers and vanishes!
Deactivating autopickup; reactivate with Ctrl-A.
The orc priest hits you from afar with a +0 trident.
You fade into invisibility!
The adder misses you.
The orc priest hits you from afar with a +0 trident.
You barely miss the adder. The adder misses you.
You miss the adder. The adder closely misses you. The adder misses you.
You closely miss the adder. The adder misses you.
You hear some strange, mumbled words.
A puff of flame appears from out of thin air!
The puff of flame hits the adder.
The orc priest invokes the aid of Beogh against you.
Pain shoots through your body!
* * * LOW HITPOINT WARNING * * *
The orc barely misses you.
The adder hisses angrily.
You hit the orc priest but do no damage.
You hit the orc priest but do no damage.
Your punch misses the orc priest. You completely miss the orc.
You closely miss the orc. The orc closely misses you.
You hit the orc.
The orc is severely wounded.
The orc hits you with a +0 club.
* * * LOW HITPOINT WARNING * * *
You hit the orc.
The orc is severely wounded.
You barely miss the orc.
The orc is severely wounded.
The orc closely misses you.
You hit the orc.
You kill the orc!
A puff of flame appears from out of thin air!
The puff of flame hits you!
You die...

.....#.............
.....#.............
.........###...###.
.....#...#G#...#G#. #.
#......#...###...###.
#.##.###..##............
####.##.##....#......_.....
.....##.##....+............
.....o{...@...##.###...###.
.....####.##+###.#G#...#G#.
.....# #+# . ###...###.
...... .......... .......
.####..... ........
.......... ###...##>..##
#.....##...## #.#...##.....


There were no monsters in sight!

Vanquished Creatures
  An adder (D:2)
  A worm (D:2)
  A dart slug (D:1)
  An orc (D:2)
  4 ball pythons
  4 endoplasms
  4 giant cockroaches
  A goblin (D:1)
  3 hobgoblins
  3 jackals (D:1)
  3 bats
  2 frilled lizards
  A kobold (D:2)
  3 rats (D:1)
32 creatures vanquished.

Notes
Turn   | Place    | Note
-------+----------+-------------------------------------------
     0 | D:1      | GloriousHammer the Kobold Enchanter began the quest for the
                  | Orb.
     0 | D:1      | Reached XP level 1. HP: 10/10 MP: 3/3
   268 | D:1      | Reached XP level 2. HP: 15/15 MP: 5/5
   545 | D:1      | Reached skill level 5 in Stealth
   545 | D:1      | Reached XP level 3. HP: 14/19 MP: 6/6
   995 | D:2      | Learned a level 3 spell: Confusing Touch
   999 | D:2      | Learned a level 3 spell: Tukima's Dance
  1352 | D:2      | Noticed a golden eye
  1353 | D:2      | Noticed a shining eye
  1354 | D:2      | Found a faded altar of an unknown god.
  1357 | D:2      | Noticed a shining eye
  1357 | D:2      | Noticed a glass eye
  1425 | D:2      | Reached XP level 4. HP: 24/24 MP: 7/7
  1460 | D:2      | Killed from afar by an orc wizard

Illustrated notes

Levels and vault maps discovered:
D:1:      amcnicky_arrival_gap_in_the_tavern_cellar, layout_basic
D:2:      minmay_diamond_boxcup, layout_basic,
          hellmonk_ecumenical_altar_watching_god

Skill      XL: |  1  2 |
---------------+-------+-----
Short Blades   | 2 |  2.3
Stealth        | 5 |  5.7
Dodging        | |  2.4
Spellcasting   | |  2.3
Hexes          | |  3.1

Action                     |  1- 3 |  4- 6 || total
---------------------------+-------+-------++-------
  Melee: Dagger            |    83 |    12 ||    95
         Punch             |     1 |       ||     1
    Use: Potion            |     1 |     1 ||     2
   Stab: Sleeping          |    14 |       ||    14
         Distracted        |     1 |       ||     1
         Invisible         |     1 |       ||     1
 Armour: Robe              |    39 |     4 ||    43
  Dodge: Dodged            |    55 |    14 ||    69

Table legend: (Time is in decaauts)
 A = Elapsed time spent in this place.
 B = Non-inter-level travel time spent in this place.
 C = Inter-level travel time spent in this place.
 D = Time resting spent in this place.
 E = Time spent auto-exploring this place.
 F = Levels seen in this place.
 G = Mean time per level.
                   A        B        C        D        E       F      G
               +--------+--------+--------+--------+--------+-----+--------+
         Total |   1449 |   1328 |    121 |    136 |    905 |   2 |  724.5 |
       Dungeon |   1449 |   1328 |    121 |    136 |    905 |   2 |  724.5 |
               +--------+--------+--------+--------+--------+-----+--------+

Top non-repeatable levels by time:
     D:1: 903 daAuts
     D:2: 545 daAuts
